 Dungeon Sprint DCSS version 0.17-a0-1663-gb806841 (webtiles) character file.

221 Kidiri the Covert (level 5, -2/24 HPs)
             Began as a Spriggan Enchanter on Aug 16, 2015.
             Was an Initiate of Dithmenos.
             Slain by a spriggan
             ... wielding a +0 short sword
              (13 damage)
             ... in the Dungeon (Sprint IV: "Fedhas' Mad Dash").
             The game lasted 00:02:11 (437 turns).

Kidiri the Covert (Spriggan Enchanter)               Turns: 437, Time: 00:02:11

Health: -2/24      AC:  3    Str:  4    XL:     5   Next: 65%
Magic:  12/15      EV: 24    Int: 17    God:    Dithmenos [......]
Gold:   64         SH:  0    Dex: 17    Spells: 2 memorised, 14 levels left

rFire  . . .     SeeInvis +     a - +1 dagger
rCold  . . .     Clarity  .     b - +1 robe
rNeg   . . .     SustAt   .     (shield restricted)
rPois  .         Gourm    .     (helmet restricted)
rElec  .         Spirit   .     (no cloak)
rCorr  .         Warding  .     (gloves unavailable)
rMut   .         NoTele   +     (boots unavailable)
MR     .....                    (no amulet)
Stlth  +++++.....               (no ring)
                                k - ring of invisibility

@: very slightly contaminated, very quick, not resistant to hostile
enchantments, quite stealthy
A: unfitting armour, see invisible, herbivore 3, speed 3, slow metabolism 2
a: Renounce Religion, Evoke Invisibility


You were in the Dungeon.
You worshipped Dithmenos.
Dithmenos was noncommittal.
You were not hungry.

You visited 1 branch You collected 64 gold pieces.

Inventory:

Hand weapons
 a - a +1 dagger (weapon)
Armour
 b - a +1 robe (worn)
Jewellery
 k - a ring of invisibility (left hand)
Scrolls
 j - a scroll of blinking
 l - a scroll of fog {unknown}
Potions
 e - a potion of curing
 f - a potion of heal wounds
 g - a potion of haste
 h - 2 potions of magic
 i - a potion of berserk rage
Books
 c - a book of Maledictions

   Spells                             Type                      Level
   a - Corona                         Hexes                        1
   b - Ensorcelled Hibernation        Hexes/Ice                    2
   c - Confuse                        Hexes                        3
   d - Tukima's Dance                 Hexes                        3
   e - Dazzling Spray                 Conjuration/Hexes            3
Comestibles
 d - a bread ration


   Skills:
 + Level 4.0 Short Blades
 * Level 8.3 Dodging
 * Level 9.4 Stealth
 * Level 6.8 Spellcasting
 + Level 5.9 Hexes
 + Level 2.6 Ice Magic
 + Level 1.7 Invocations
 + Level 3.3 Evocations


You had 14 spell levels left.
You knew the following spells:

 Your Spells              Type           Power        Failure   Level  Hunger
a - Corona                Hex            ####...      1%          1    None
b - Ensorcelled Hibernat  Hex/Ice        ###...       3%          2    None


Dungeon Overview and Level Annotations

Branches:
Dungeon (1/1)

Altars:
Cheibriados
Dithmenos
Elyvilon
Gozag
Kikubaaqudgha
Makhleb
Nemelex Xobeh
Okawaru
Qazlal
Ru
Sif Muna
Trog
Vehumet
Xom
Yredelemnul
Zin
The Shining One
Beogh
Jiyva
Lugonu


Innate Abilities, Weirdness & Mutations

You are tiny and cannot use many weapons and most armour.
You have supernaturally acute eyesight.
You are a herbivore.
You cover ground extremely quickly.
You need consume almost no food.


Message History

Casting: Ensorcelled Hibernation
Confirm with . or Enter, or press ? or * to list all spells.
Okay, then.
You hit the spriggan but do no damage.
The spriggan is moderately wounded.
The spriggan barely misses you.
You closely miss the spriggan.
The spriggan is moderately wounded.
The spriggan misses you.
You hit the spriggan.
The spriggan is heavily wounded.
You flicker back into view.
The spriggan hits you with a short sword.
The spriggan closely misses you.
You closely miss the spriggan.
The spriggan is heavily wounded.
The spriggan barely misses you.
The spriggan hits you with a short sword!
Ouch! That really hurt!
You die...

######################
#.⌠.........⌠.#.@i$..#
+._._._._._._.'.i#$.$#
#_._._._._._._#..###+#
#._._._._._._.#.)#
#.⌠...._....⌠.####
############### #


You could see 2 spriggans.

Vanquished Creatures
  A scorpion (D)
  4 oklob saplings (D)
  A worker ant (D)
  A river rat (D)
  A rat (D)
8 creatures vanquished.

Notes
Turn   | Place    | Note
--------------------------------------------------------------
     0 | D        | Kidiri the Spriggan Enchanter began the quest for the Orb.
     0 | D        | Reached XP level 1. HP: 9/9 MP: 5/5
     8 | D        | Reached skill level 5 in Stealth
     8 | D        | Reached XP level 2. HP: 13/13 MP: 5/7
    17 | D        | Learned a level 2 spell: Ensorcelled Hibernation
    39 | D        | Noticed an oklob sapling
    40 | D        | Killed an oklob sapling
    40 | D        | Reached skill level 5 in Dodging
    40 | D        | Reached skill level 6 in Stealth
    40 | D        | Reached XP level 3. HP: 16/16 MP: 7/9
    58 | D        | Noticed a worker ant
    60 | D        | Killed a worker ant
    60 | D        | Reached skill level 7 in Stealth
    60 | D        | Reached skill level 1 in Ice Magic
    82 | D        | Found a snail-covered altar of Cheibriados.
    82 | D        | Found a glowing silver altar of Zin.
    82 | D        | Found a white marble altar of Elyvilon.
    82 | D        | Found a viscous altar of Jiyva.
    82 | D        | Found a radiant altar of Vehumet.
    82 | D        | Found a deep blue altar of Sif Muna.
    82 | D        | Found an ancient bone altar of Kikubaaqudgha.
    82 | D        | Found a bloodstained altar of Trog.
    82 | D        | Found a corrupted altar of Lugonu.
    82 | D        | Noticed an oklob sapling priest
    83 | D        | Found a burning altar of Makhleb.
    83 | D        | Found a sacrificial altar of Ru.
    84 | D        | Found a glowing golden altar of the Shining One.
    84 | D        | Found a sparkling altar of Nemelex Xobeh.
    85 | D        | Found a shadowy altar of Dithmenos.
    86 | D        | Found an iron altar of Okawaru.
    86 | D        | Found a shimmering altar of Xom.
    87 | D        | Found an opulent altar of Gozag.
    88 | D        | Found a basalt altar of Yredelemnul.
    88 | D        | Found a roughly hewn altar of Beogh.
    89 | D        | Found a stormy altar of Qazlal.
    90 | D        | Killed an oklob sapling priest
    90 | D        | Reached skill level 8 in Stealth
    90 | D        | Reached skill level 5 in Spellcasting
    90 | D        | Reached skill level 5 in Hexes
    90 | D        | Reached XP level 4. HP: 21/21 MP: 8/12
    95 | D        | Became a worshipper of Dithmenos the Shadowed
   133 | D        | Noticed an oklob sapling
   136 | D        | Killed an oklob sapling
   136 | D        | Reached XP level 5. HP: 24/24 MP: 10/14
   417 | D        | Noticed an oklob sapling wizard
   420 | D        | Killed an oklob sapling wizard
   420 | D        | Reached skill level 1 in Invocations
   423 | D        | Noticed a scorpion
   433 | D        | Killed a scorpion
   433 | D        | Reached skill level 9 in Stealth
   437 | D        | Slain by a spriggan

Vault maps used:
D:        dungeon_sprint_fedhas

Action                   |  1- 3 |  4- 6 || total
-------------------------+-------+-------++-------
Melee: Dagger            |     5 |    10 ||    15
 Cast: Ensorcelled Hiber |       |     1 ||     1
 Abil: Evoke Invisibilit |     1 |     2 ||     3
 Stab: Sleeping          |     4 |     2 ||     6
       Invisible         |       |     1 ||     1
